Description

2-1-1 timing attack at 5 minutes with stim marines and 2 medivacs.

Replay - haaduken v LastofMaster - Triton LE

Build Order

Get SALT Encoding   

  12  0:00  SCV  
  13  0:12  SCV  
  14  0:17  Supply Depot  
  14  0:24  SCV  
  15  0:38  SCV  
  15  0:40  Barracks  
  16  0:45  Refinery  
  16  0:51  SCV  
  17  1:03  SCV  
  18  1:15  SCV  
  19  1:27  Reaper  
  19  1:28  Orbital Command  
  20  1:45  Command Center  
  20  1:55  Barracks  
  20  1:59  SCV  
  21  2:01  Barracks Reactor  
  21  2:09  Refinery  
  21  2:22  Factory  
  21  2:27  Supply Depot  
  21  2:39  SCV  
  22  2:49  Barracks Tech Lab  
  22  2:50  Marine x2  
  22  2:51  SCV  
  24  2:57  Orbital Command  
  26  3:06  Stimpack  
  26  3:07  Marine x2  
  26  3:08  Widow Mine  
  30  3:21  Starport  
  31  3:34  Marine x3  
  31  3:40  Factory Reactor  swap with starport
  36  3:52  Marine x3  
  36  3:55  Supply Depot  
  42  4:14  Supply Depot  
  47  4:25  Factory Tech Lab  
  47  4:27  Medivac x2  
  47  4:28  Supply Depot  
  54  4:44  Siege Tank  
  59  4:48  Refinery  
  60  4:53  Engineering Bay  
  64  5:25  Barracks x3, Terran Infantry Weapons Level 1  
  64  5:26  Engineering Bay  
  61  5:58  Medivac  
  61  5:59  Siege Tank  
  68  6:16  Barracks Reactor x3  
  73  6:25  Terran Infantry Armor Level 1  
  84  7:03  Refinery  
  78  7:27  Medivac x2  
  78  7:29  Siege Tank  
  90  7:42  Neosteel Armor  
  90  7:50  Command Center  
  73  8:11  Siege Tank  
  83  8:25  Armory  
  87  8:34  Factory  
  90  8:43  Siege Tank  
  104  9:16  Widow Mine  
  111  9:19  Factory Reactor  
  114  9:24  Terran Infantry Armor Level 2  
  114  9:31  Terran Infantry Weapons Level 2  
  115  9:33  Command Center  
  115  9:37  Widow Mine  
Spawning Tool Build Advisor. Get it on Overwolf

Go to:

Details

  • Created by: haaduken
  • Published on: Sep 26, 2019
  • Modified on: Sep 26, 2019
  • Patch: 4.7.1
Show
View Real Time Build Order
Export as new Build Order

Comments (0)

There are no comments. Be the first!

Create an account to comment!